Map: Cactus Valley LE (Void)

Players

PtitDrogo

  • Race: Protoss Protoss
  • Spawn Location: 1:00

Probe - Winner!

  • Race: Protoss Protoss
  • Spawn Location: 11:00

Event: WCS Austin 2017

VOD

Have the link to the VOD?

Description

Time

  • Played on: April 28, 2017, 9:45 p.m.
  • Length: 13:16

All games in this series

Show
View Real Time Build Order
Export as new Build Order

PtitDrogo Protoss 

Build Orders:  

Get SALT Encoding   

  12  0:00  Probe (Chrono Boost)  
  13  0:11  Probe (Chrono Boost)  
  14  0:18  Pylon  
  14  0:22  Probe (Chrono Boost)  
  15  0:36  Probe (Chrono Boost), Gateway  
  15  0:41  Assimilator  
  16  0:47  Probe (Chrono Boost)  
  17  0:56  Assimilator  
  17  0:57  Probe (Chrono Boost)  
  18  1:08  Probe (Chrono Boost)  
  18  1:09  Gateway  
  20  1:18  Probe (Chrono Boost)  
  20  1:25  Cybernetics Core  
  20  1:29  Probe (Chrono Boost)  
  21  1:33  Pylon  
  21  1:39  Probe (Chrono Boost)  
  22  1:47  Warp Gate  
  22  1:50  Probe (Chrono Boost)  
  23  2:01  Stalker x2  
  27  2:13  Mothership Core (Chrono Boost)  
  29  2:16  Pylon  
  29  2:31  Stalker  
  29  2:34  Stalker  
  33  2:39  Probe (Chrono Boost)  
  34  2:59  Nexus  
  34  3:04  Probe (Chrono Boost)  
  35  3:11  Sentry  
  37  3:12  Pylon  
  37  3:16  Probe (Chrono Boost)  
  38  3:28  Robotics Facility  
  38  3:36  Probe (Chrono Boost)  
  38  3:47  Probe (Chrono Boost)  
  39  3:52  Stalker, Sentry  
  43  3:58  Probe (Chrono Boost)  
  44  4:08  Probe (Chrono Boost)  
  45  4:11  Probe (Chrono Boost)  
  45  4:15  Observer  
  45  4:17  Twilight Council  
  46  4:18  Phoenix  
  46  4:21  Probe x2 (Chrono Boost)  
  50  4:32  Probe x2 (Chrono Boost)  
  51  4:38  Immortal  
  51  4:39  Pylon, Phoenix  
  51  4:40  Blink  
  51  4:42  Probe (Chrono Boost)  
  51  4:43  Probe (Chrono Boost)  
  57  4:49  Assimilator x2  
  57  4:53  Probe (Chrono Boost)  
  57  4:55  Probe (Chrono Boost)  
  59  5:04  Probe (Chrono Boost)  
  61  5:08  Probe (Chrono Boost), Pylon  
  61  5:12  Forge  
  62  5:14  Probe (Chrono Boost)  
  62  5:20  Probe (Chrono Boost)  
  62  5:21  Immortal  
  67  5:25  Sentry  
  69  5:30  Protoss Ground Weapons Level 1  
  69  5:32  Pylon  
  69  5:35  Probe (Chrono Boost)  
  71  5:36  Probe (Chrono Boost)  
  71  5:44  Pylon  
  71  5:48  Gateway x2  
  71  5:54  Probe x2 (Chrono Boost)  
  73  6:01  Immortal  
  77  6:12  Sentry x2, Phoenix  
  77  6:18  Nexus  
  81  6:24  Pylon  
  81  6:29  Gateway  
  81  6:30  Gateway  
  81  6:39  Pylon  
  81  6:42  Warp Prism  
  81  6:46  Probe x2 (Chrono Boost)  
  85  6:50  Stalker  
  85  6:52  Stalker  
  89  6:58  Adept x2  
  93  7:10  Protoss Ground Weapons Level 2  
  93  7:14  Stalker x2  
  97  7:29  Probe (Chrono Boost)  
  98  7:30  Stalker  
  98  7:31  Stalker x3  
  106  7:40  Pylon  
  103  7:46  Observer, Probe x2 (Chrono Boost)  
  91  8:10  Stalker x3  
  91  8:12  Probe (Chrono Boost)  
  98  8:18  Probe (Chrono Boost)  
  98  8:24  Probe (Chrono Boost)  
  96  8:34  Probe (Chrono Boost)  
  96  8:47  Observer  
  87  8:57  Probe (Chrono Boost)  
  87  9:00  Probe (Chrono Boost), Photon Cannon  
  89  9:05  Stalker x2  
  89  9:06  Stalker  
  89  9:08  Stalker x3  
  89  9:09  Probe (Chrono Boost)  
  102  9:17  Pylon  
  102  9:18  Pylon  
  102  9:20  Observer  
  91  9:44  Stalker x6  
  95  10:07  Stalker x2  
  95  10:08  Stalker x4  
  91  10:36  Stalker x5  
  91  11:05  Stalker  
  91  11:06  Stalker x5  
  99  11:28  Stalker  
  99  11:29  Stalker x4  
  99  11:31  Sentry  
  105  11:52  Stalker x4  
  109  11:54  Observer  
  89  12:16  Stalker x2  
  89  12:17  Stalker x2  
  77  12:27  Stalker x6  
  67  12:52  Stalker  
  67  12:54  Nexus  
  67  12:58  Stalker  
  67  13:05  Stalker  
Show
View Real Time Build Order
Export as new Build Order

Probe Protoss - Winner!

Build Orders:  

Get SALT Encoding   

  12  0:00  Probe (Chrono Boost)  
  13  0:11  Probe (Chrono Boost)  
  14  0:18  Pylon  
  14  0:22  Probe (Chrono Boost)  
  15  0:36  Probe (Chrono Boost)  
  15  0:37  Gateway  
  16  0:45  Assimilator  
  16  0:47  Probe (Chrono Boost)  
  17  0:53  Assimilator  
  17  0:57  Probe (Chrono Boost)  
  18  1:05  Gateway  
  18  1:08  Probe (Chrono Boost)  
  19  1:19  Probe (Chrono Boost)  
  19  1:24  Cybernetics Core  
  20  1:29  Probe (Chrono Boost)  
  21  1:36  Pylon  
  21  1:40  Probe (Chrono Boost)  
  22  1:49  Warp Gate  
  22  1:50  Probe (Chrono Boost)  
  23  2:00  Stalker  
  26  2:01  Stalker  
  26  2:02  Probe (Chrono Boost)  
  30  2:16  Mothership Core (Chrono Boost)  
  30  2:21  Pylon  
  30  2:35  Probe (Chrono Boost)  
  31  2:39  Stalker x2  
  35  3:09  Stalker x2  
  39  3:16  Nexus  
  38  3:27  Pylon  
  38  3:37  Robotics Facility  
  38  3:39  Probe (Chrono Boost)  
  39  3:50  Probe (Chrono Boost)  
  40  3:56  Stalker x2  
  40  4:00  Probe (Chrono Boost)  
  45  4:08  Twilight Council  
  45  4:12  Probe (Chrono Boost)  
  46  4:25  Observer, Pylon  
  46  4:29  Probe x2 (Chrono Boost)  
  46  4:31  Sentry x2  
  53  4:40  Probe (Chrono Boost)  
  53  4:43  Probe (Chrono Boost)  
  55  4:50  Probe (Chrono Boost)  
  56  4:53  Probe (Chrono Boost)  
  56  4:54  Blink  
  57  5:01  Probe (Chrono Boost)  
  57  5:04  Probe (Chrono Boost)  
  59  5:11  Assimilator  
  59  5:14  Probe x2 (Chrono Boost)  
  60  5:16  Assimilator  
  61  5:25  Probe (Chrono Boost)  
  61  5:26  Probe (Chrono Boost)  
  64  5:35  Probe (Chrono Boost)  
  64  5:38  Probe (Chrono Boost)  
  65  5:46  Probe (Chrono Boost)  
  65  5:49  Gateway  
  67  5:50  Probe (Chrono Boost), Gateway x2  
  67  5:51  Gateway, Dark Shrine  
  67  5:57  Probe (Chrono Boost)  
  68  6:02  Probe (Chrono Boost)  
  69  6:07  Probe (Chrono Boost), Pylon  
  69  6:10  Pylon  
  70  6:11  Pylon  
  70  6:17  Gateway  
  70  6:20  Warp Prism  
  70  6:26  Sentry x2  
  76  6:33  Nexus  
  76  6:36  Pylon  
  76  6:44  Pylon  
  76  6:47  Stalker x2  
  76  6:52  Stalker  
  76  6:53  Sentry  
  84  7:05  Probe (Chrono Boost)  
  85  7:11  Dark Templar x4  
  93  7:18  Probe x2 (Chrono Boost), Stalker  
  97  7:26  Stalker  
  100  7:30  Probe (Chrono Boost), Robotics Bay  
  100  7:45  Stalker x3  
  100  7:48  Probe (Chrono Boost)  
  100  7:49  Probe (Chrono Boost)  
  108  7:51  Forge  
  104  8:08  Probe (Chrono Boost)  
  104  8:09  Stalker x2  
  104  8:10  Stalker x2  
  113  8:18  Disruptor, Stalker  
  113  8:19  Stalker  
  118  8:27  Probe x2 (Chrono Boost)  
  118  8:33  Probe (Chrono Boost)  
  119  8:40  Stalker  
  119  8:42  Stalker  
  119  8:43  Stalker x2  
  119  8:52  Stalker x2  
  123  8:57  Assimilator, Probe x2 (Chrono Boost)  
  123  8:58  Assimilator  
  125  9:09  Pylon  
  125  9:10  Pylon  
  125  9:21  Pylon  
  125  9:22  Disruptor  
  125  9:24  Pylon  
  125  9:25  Pylon x2  
  128  9:36  Stalker x4  
  130  9:51  Adept x3  
  134  9:53  Disruptor  
  134  9:59  Gateway  
  137  10:02  Gateway  
  137  10:04  Stalker x2  
  137  10:05  Sentry  
  143  10:07  Sentry  
  145  10:21  Stalker  
  141  10:27  Observer  
  116  10:36  Stalker x6  
  125  10:43  Disruptor  
  125  10:47  Stalker  
  122  10:56  Stalker  
  124  11:04  Stalker x5  
  131  11:14  Disruptor  
  131  11:15  Adept  
  131  11:16  Adept x2  
  137  11:25  Stalker  
  142  11:29  Stalker x3  
  148  11:43  Stalker  
  148  11:44  Stalker x3  
  140  11:59  Stalker x3  
  130  12:13  Stalker  
  118  12:20  Stalker x3  
  99  12:23  Stalker  
  95  12:31  Observer  
  95  12:36  Stalker x3  
  102  12:50  Observer  
  100  12:51  Stalker  
  100  12:52  Stalker x3  
  101  13:15  Stalker  
  101  13:16  Stalker x4  
Tags
 
Add a new tag
Caveats
  • Supply blocks, unpowered buildings, or Contaminate may cause inaccurate times.
  • Supply counts are checked every 10 seconds.